 Dungeon Crawl Stone Soup version 0.30-b1-2-g02819fbbbe (webtiles) character file.

Game seed: 282184917832101429

79 nightchill the Magician (level 4, 0/38 HPs)
             Began as a Gnoll Wanderer on Jan 17, 2024.
             Slain by an orc wizard
             ... wielding a +0 dagger
              (2 damage)
             ... on level 3 of the Dungeon.
             The game lasted 00:05:25 (2212 turns).

nightchill the Magician (Gnoll Wanderer)            Turns: 2212, Time: 00:05:25

Health: 0/38       AC:  9    Str: 11    XL:     4   Next: 38%
Magic:  13/13      EV:  6    Int: 12    God:
Gold:   86         SH:  0    Dex: 13    Spells: 16/17 levels left

rFire   . . .        f - +1 short sword (venom)
rCold   . . .        (no shield)
rNeg    . . .        o - +0 chain mail
rPois   .            (no helmet)
rElec   .            (no cloak)
rCorr   .            (no gloves)
SInv    .            (no boots)
Will    .....        (no amulet) Stlth
                     (no ring)
HPRegen 0.26/turn    (no ring)
MPRegen 0.13/turn

%: no passive effects
@: brilliant
A: fangs 1, strong nose, distributed training
a: no special abilities


You were on level 3 of the Dungeon.
You visited 1 branch of the dungeon, and saw 3 of its levels.

You collected 86 gold pieces.

Inventory:

Hand Weapons
 a - a +1 long sword
 f - a +1 short sword of venom (weapon)
Missiles
 p - 4 poisoned darts (quivered)
Armour
 c - a +0 robe
 d - an orb of wrath
 k - a +0 leather armour
 o - a +0 chain mail (worn)
Scrolls
 b - a scroll of vulnerability
 e - a scroll of poison {unknown}
 g - 4 scrolls of identify {unknown}
 i - 2 scrolls of enchant armour {unknown}
 l - a scroll of fear {unknown}
 m - a scroll of amnesia {unknown}
Potions
 h - a potion of mutation {unknown}
 j - a potion of brilliance
 n - 2 potions of attraction {unknown}


   Skills:
 + Level 4.6 Fighting
 + Level 1.2 Short Blades
 + Level 6.6 Long Blades
 + Level 1.2 Axes
 + Level 1.2 Maces & Flails
 + Level 1.2 Polearms
 + Level 1.2 Staves
 + Level 1.2 Ranged Weapons
 + Level 1.2 Throwing
 + Level 2.8 Armour
 + Level 1.2 Dodging
 + Level 1.2 Stealth
 + Level 1.2 Shields
 + Level 1.2 Unarmed Combat
 + Level 7.2 Spellcasting
 + Level 1.0 Conjurations
 + Level 1.0 Hexes
 + Level 1.0 Summonings
 + Level 1.0 Necromancy
 + Level 1.0 Translocations
 + Level 1.0 Transmutations
 + Level 1.0 Fire Magic
 + Level 1.0 Ice Magic
 + Level 1.0 Air Magic
 + Level 1.0 Earth Magic
 + Level 1.0 Poison Magic
 + Level 1.3 Invocations
 + Level 2.8 Evocations


You had 16 spell levels left.
You knew the following spells:

 Your Spells              Type           Power      Damage    Failure   Level
a - Sting                 Tmut/Pois      40%        1d5       97%         1

Your spell library contained the following spells:

 Spells                   Type           Power      Damage    Failure   Level
 Ignite Poison            Fire/Tmut/Pois 10%        N/A       100%        3


Dungeon Overview and Level Annotations

Branches:
Dungeon (3/15)

Altars:
Vehumet
Xom


Innate Abilities, Weirdness & Mutations

You have very sharp teeth.
Your uncanny sense of smell can sniff out nearby items.
Your experience applies equally to all skills.


Message History

You are confused.
You bump into the rock wall.
Something hits you but does no damage.
You're too confused to move!
You hear some strange, mumbled words.
A magic dart appears from out of thin air!
The magic dart hits you.
You feel less confused.
The endoplasm hits you but does no damage.
You hit the endoplasm. You bite the endoplasm.
The endoplasm is severely wounded.
You hear some strange, mumbled words.
A magic dart appears from out of thin air!
The magic dart hits you!
* * * LOW HITPOINT WARNING * * *
The endoplasm hits you but does no damage.
You hit the endoplasm but do no damage.
The endoplasm is severely wounded.
The orc hits you but does no damage.
The endoplasm hits you but does no damage.
Something hits you but does no damage.
You closely miss something. The orc hits you with a +0 flail.
* * * LOW HITPOINT WARNING * * *
Something hits you but does no damage. The endoplasm freezes you.
You are frozen.
* * * LOW HITPOINT WARNING * * *
It was a potion of brilliance.
You feel clever all of a sudden.
You hear some strange, mumbled words.
A magic dart appears from out of thin air!
The magic dart hits you.
* * * LOW HITPOINT WARNING * * *
The orc barely misses you.
The endoplasm hits you but does no damage.
You completely miss something. The orc hits you with a +0 flail.
* * * LOW HITPOINT WARNING * * *
The endoplasm hits you.
* * * LOW HITPOINT WARNING * * *
Something hits you.
You die...

##.^....# #..####'###
#.###.....## #.##.....).#
#.##.......###
####..+..._...'.#
#.....#.......#.# . #######
#.....#.......#.#
.h.#.....###J@...##.....##.###
.........)).o{....###+###....>
..h......###.....## #.###.###.
o..##.#### #.....# #.....# #
####### #####.# #.### #...#.
###.#. ####.#.


You could see an orc and an endoplasm.

Vanquished Creatures
  2 adders (D:2)
  A worm (D:2)
  3 dart slugs
  3 orcs
  5 bats
  2 endoplasms
  A hobgoblin (D:1)
  2 jackals (D:2)
  4 quokkas
  5 ball pythons
  3 frilled lizards
  5 goblins
  8 kobolds
  7 rats
51 creatures vanquished.

Vanquished Creatures (others)
  8 fungi (D:2)
  3 plants (D:2)
11 creatures vanquished.

Grand Total: 62 creatures vanquished

Notes
Turn   | Place    | Note
-------+----------+-------------------------------------------
     0 | D:1      | nightchill the Gnoll Wanderer began the quest for the Orb.
     0 | D:1      | nightchill set off with the following items: a +1 long
                  | sword, a scroll of vulnerability, a +0 robe; and the
                  | following spell memorised: Sting; and the following spells
                  | available to memorise: Ignite Poison.
     0 | D:1      | Reached XP level 1. HP: 20/20 MP: 8/8
   216 | D:1      | Reached XP level 2. HP: 26/26 MP: 8/10
   488 | D:1      | Reached XP level 3. HP: 31/31 MP: 11/11
   884 | D:2      | Found a shimmering altar of Xom.
  1070 | D:2      | Reached skill level 1 in Invocations
  1147 | D:2      | Reached skill level 1 in Short Blades
  1147 | D:2      | Reached skill level 1 in Axes
  1147 | D:2      | Reached skill level 1 in Maces & Flails
  1147 | D:2      | Reached skill level 1 in Polearms
  1147 | D:2      | Reached skill level 1 in Staves
  1147 | D:2      | Reached skill level 1 in Ranged Weapons
  1147 | D:2      | Reached skill level 1 in Throwing
  1147 | D:2      | Reached skill level 1 in Dodging
  1147 | D:2      | Reached skill level 1 in Stealth
  1147 | D:2      | Reached skill level 1 in Shields
  1147 | D:2      | Reached skill level 1 in Unarmed Combat
  1529 | D:2      | Reached XP level 4. HP: 38/38 MP: 13/13
  1667 | D:2      | Found a faded altar of an unknown god.
  2131 | D:3      | Found a radiant altar of Vehumet.
  2199 | D:3      | Reached skill level 1 in Conjurations
  2199 | D:3      | Reached skill level 1 in Hexes
  2199 | D:3      | Reached skill level 1 in Summonings
  2199 | D:3      | Reached skill level 1 in Necromancy
  2199 | D:3      | Reached skill level 1 in Translocations
  2199 | D:3      | Reached skill level 1 in Transmutations
  2199 | D:3      | Reached skill level 1 in Fire Magic
  2199 | D:3      | Reached skill level 1 in Ice Magic
  2199 | D:3      | Reached skill level 1 in Air Magic
  2199 | D:3      | Reached skill level 1 in Earth Magic
  2199 | D:3      | Reached skill level 1 in Poison Magic
  2212 | D:3      | Slain by an orc wizard

Illustrated notes

Levels and vault maps discovered:
D:1:      dpeg_arrival_ratfight, layout_loops_ring
D:2:      layout_loops_corners, dreamdust_ecumenical_altar_hidden_monk_grotto,
          basic_altar, grunt_decor_junction
D:3:      layout_basic, nicolae_vehumet_altar_sigil, old_standard_altar,
          saegor_snake_ambush

Skill      XL: |  1  2  3  4 |
---------------+-------------+-----
Invocations    | 1 |  1.3
Short Blades   | 1 |  1.2
Axes           | 1 |  1.2
Maces & Flails | 1 |  1.2
Polearms       | 1 |  1.2
Staves         | 1 |  1.2
Ranged Weapons | 1 |  1.2
Throwing       | 1 |  1.2
Dodging        | 1 |  1.2
Stealth        | 1 |  1.2
Shields        | 1 |  1.2
Unarmed Combat | 1 |  1.2
Conjurations   | 1 |  1.0
Hexes          | 1 |  1.0
Summonings     | 1 |  1.0
Necromancy     | 1 |  1.0
Translocations | 1 |  1.0
Transmutations | 1 |  1.0
Fire Magic     | 1 |  1.0
Ice Magic      | 1 |  1.0
Air Magic      | 1 |  1.0
Earth Magic    | 1 |  1.0
Poison Magic   | 1 |  1.0
Fighting       | |  4.6
Long Blades    | |  6.6
Armour         | |  2.8
Spellcasting   | |  7.2
Evocations     | |  2.8

Action                     |  1- 3 |  4- 6 || total
---------------------------+-------+-------++-------
  Melee: Long sword        |    33 |       ||    33
         Bite              |     4 |     8 ||    12
         Short sword       |    60 |    47 ||   107
         Punch             |     2 |       ||     2
   Cast: Sting             |    10 |       ||    10
    Use: Potion            |       |     1 ||     1
   Stab: Sleeping          |     3 |       ||     3
         Distracted        |     1 |       ||     1
 Armour: Robe              |     9 |       ||     9
         Leather armour    |    11 |     3 ||    14
         Chain mail        |       |    17 ||    17
  Dodge: Dodged            |    50 |    15 ||    65
